 Dungeon Crawl Stone Soup version 0.26.0-10-g1f06aea511 (webtiles) character file.

Game seed: 13394085966071112866

1667 Borgoz the Slasher (level 9, -2/73 HPs)
             Began as a Ghoul Gladiator on Jan 15, 2021.
             Was a Follower of Ashenzari.
             Slain by an ogre
             ... wielding a +0 giant club
              (16 damage)
             ... on level 6 of the Dungeon.
             The game lasted 00:07:49 (7754 turns).

Borgoz the Slasher (Ghoul Gladiator)                Turns: 7754, Time: 00:07:49

Health: -2/73      AC: 11    Str: 18    XL:     9   Next: 1%
Magic:  8/8        EV: 13    Int:  3    God:    Ashenzari [*.....]
Gold:   182        SH:  4    Dex: 13    Spells: 8/8 levels left

rFire    . . .     SeeInvis .   a - +0 long sword
rCold    + + +     Faith    .   q - +0 buckler
rNeg     + + +     Spirit   .   b - +1 ring mail {rPois}
rPois    ∞         Reflect  .   k - +2 helmet
rElec    .         Harm     .   (no cloak)
rCorr    .         Rampage  .   s - +0 pair of gloves
Will     .....                  (no boots)
Stlth    +.........             (no amulet)
HPRegen  0.00/turn              p - ring of protection from cold
MPRegen  0.11/turn              y - ring of protection from cold

@: no status effects
A: claws 1, cold resistance 1, negative energy resistance 3, inhibited
regeneration, torment resistance, unbreathing
a: Renounce Religion, Curse Item, Scrying


You were on level 6 of the Dungeon.
You worshipped Ashenzari.
Ashenzari was aware of your devotion.
You visited 2 branches of the dungeon, and saw 7 of its levels.

You collected 182 gold pieces.

Inventory:

Hand Weapons
 a - a +0 long sword (weapon)
Armour
 b - a +1 ring mail of poison resistance (worn)
 k - a +2 helmet (worn)
 q - a +0 buckler (worn)
 s - a +0 pair of gloves (worn)
Jewellery
 p - a ring of protection from cold (left hand)
 y - a ring of protection from cold (right hand)
 z - an uncursed amulet of regeneration
Wands
 r - a wand of disintegration (17)
Scrolls
 e - 2 scrolls of fear {unknown}
 f - 6 scrolls of identify {unknown}
 g - 2 scrolls of teleportation {unknown}
 m - 3 scrolls of enchant weapon {unknown}
 n - a scroll of amnesia {unknown}
 o - a scroll of immolation {unknown}
 t - a scroll of fog {unknown}
 v - a scroll of remove curse
 A - a scroll of blinking {unknown}
Potions
 c - 4 potions of flight {unknown}
 h - 4 potions of lignification {unknown}
 i - 5 potions of curing {unknown}
 j - 2 potions of might {unknown}
 l - 2 potions of heal wounds {unknown}
 u - a potion of haste {unknown}
 w - 2 potions of invisibility {unknown}
 x - a potion of resistance {unknown}


   Skills:
 + Level 4.9 Fighting
 * Level 6.0 Long Blades
 - Level 1.7 Throwing
 * Level 5.1 Armour
 * Level 5.8 Dodging
 + Level 1.6 Shields


You had 8 spell levels left.
You didn't know any spells.
Your spell library contained the following spells:

 Spells                   Type           Power        Failure   Level
 Foxfire                  Conj/Fire      0%           80%         1
 Conjure Flame            Conj/Fire      0%           99%         3
 Inner Flame              Hex/Fire       0%           99%         3
 Sticky Flame             Conj/Fire      0%           100%        4
 Fireball                 Conj/Fire      0%           100%        5


Dungeon Overview and Level Annotations

Branches:
Dungeon (6/15)             Temple (1/1) D:5

Altars:
Ashenzari
Cheibriados
Dithmenos
Elyvilon
Fedhas
Gozag
Hepliaklqana
Makhleb
Nemelex Xobeh
Okawaru
Qazlal
Ru
Sif Muna
Trog
Uskayaw
Vehumet
Wu Jian
Xom
Yredelemnul
The Shining One


Innate Abilities, Weirdness & Mutations

You thrive by killing the living.
You are immune to poison.
You have sharp fingernails.
Your flesh is cold resistant. (rC+)
You are immune to negative energy. (rN+++)
You do not regenerate when monsters are visible.
You are immune to unholy pain and torment.
You can survive without breathing.


Message History

The centaur zombie is caught in the net!
The centaur zombie is almost destroyed.
The ogre closely misses you.
You riposte.
You completely miss the ogre.
The ogre is lightly wounded.
The centaur zombie struggles against the net.
Unknown command.
You slash the ogre!
The ogre is heavily wounded.
The centaur zombie struggles against the net.
The ogre hits you with a +0 giant club!
* * * LOW HITPOINT WARNING * * *
The centaur zombie struggles against the net.
The net rips apart, and the centaur zombie comes free!
You barely miss the ogre.
The ogre is heavily wounded.
You block the ogre's attack.
You barely miss the ogre.
The ogre is heavily wounded.
The ogre hits you with a +0 giant club!
You die...

###......##...........# #.#
#..<...##.###.....#.# #..
#########.#.....#.#.# #.#..
#######.#.###.#.#.# #.#.#
#.......#.......#.# #(#..
#.###########.###.# #.###
#.#...........#.#.# #....
#.#.###########.#.##.####....
#####.#.#
#....@OZ.#.##.....†...
#.....#.#
#.######.#.#######....
#.###.#.# #.####
#......†....... #.#.#.#.#
#....#####.#######.)..
#.#.###.# ##.....)...#
####### ..#...#.#
#.#.###########.....#
###.#.#.#
#.#.................. #.#.#.#
#.#############.....# #.#.#.#
#............(.......


You could see an ogre and a centaur zombie.

Vanquished Creatures
  4 ice beasts
  2 phantoms (D:6)
  2 centaurs
  A scorpion (D:5)
  A crimson imp (D:2)
  A bullfrog zombie (D:5)
  3 hounds
  2 jellies
  An orc priest (D:5)
  A bullfrog skeleton (D:4)
  4 orc wizards
  An iguana (D:4)
  Ijyb (D:3)
  3 worker ants
  A hound zombie (D:5)
  A hound skeleton (D:4)
  Robin (D:3)
  9 adders
  7 gnolls
  A howler monkey skeleton (D:6)
  2 white imps (D:6)
  An ufetubus (D:2)
  4 oozes
  An adder skeleton (D:4)
  3 worms (D:2)
  3 dart slugs
  7 leopard geckos
  30 orcs
  7 bats
  5 giant cockroaches
  18 goblins
  9 hobgoblins
  3 jackals (D:6)
  5 quokkas
  7 frilled lizards
  A giant cockroach zombie (D:6)
  9 kobolds
  A leopard gecko skeleton (D:5)
  A quokka zombie (D:6)
  12 rats
176 creatures vanquished.

Notes
Turn   | Place    | Note
-------+----------+-------------------------------------------
     0 | D:1      | Borgoz the Ghoul Gladiator began the quest for the Orb.
     0 | D:1      | Reached XP level 1. HP: 17/17 MP: 0/0
    70 | D:1      | Reached XP level 2. HP: 12/24 MP: 1/1
   364 | D:1      | Reached skill level 3 in Long Blades
   364 | D:1      | Reached skill level 1 in Armour
   578 | D:1      | Reached XP level 3. HP: 30/30 MP: 2/2
  1232 | D:1      | Reached XP level 4. HP: 13/37 MP: 3/3
  1781 | D:2      | Reached XP level 5. HP: 13/44 MP: 4/4
  2302 | D:2      | Found a burning altar of Makhleb.
  2685 | D:2      | Found a stormy altar of Qazlal.
  2951 | D:2      | Noticed a moth of wrath
  2955 | D:2      | Found a bloodstained altar of Trog.
  3283 | D:3      | Noticed Robin
  3287 | D:3      | Reached XP level 6. HP: 46/51 MP: 5/5
  3300 | D:3      | Killed Robin
  3301 | D:3      | Reached skill level 4 in Long Blades
  3460 | D:3      | Noticed Ijyb
  3479 | D:3      | Killed Ijyb
  3593 | D:3      | Found a blossoming altar of Fedhas.
  3742 | D:3      | You fall into a shaft and drop 2 floors!
  3742 | D:5      | Entered Level 5 of the Dungeon
  4295 | D:5      | Noticed an ice beast
  4305 | D:5      | Killed an ice beast
  4306 | D:5      | Reached XP level 7. HP: 54/57 MP: 6/6
  4499 | D:5      | Found a staircase to the Ecumenical Temple.
  4544 | Temple   | Entered the Ecumenical Temple
  4698 | Temple   | Became a worshipper of Ashenzari the Shackled
  4888 | D:5      | Reached skill level 5 in Long Blades
  4937 | D:5      | Reached skill level 5 in Dodging
  4937 | D:5      | Reached XP level 8. HP: 32/66 MP: 7/7
  6289 | D:3      | Reached * piety under Ashenzari
  6418 | D:3      | Found an iron altar of Okawaru.
  6453 | D:3      | Found a faded altar of an unknown god.
  7101 | D:6      | Reached skill level 1 in Shields
  7489 | D:6      | Reached skill level 5 in Armour
  7620 | D:6      | Reached skill level 6 in Long Blades
  7746 | D:6      | Reached XP level 9. HP: 23/73 MP: 8/8
  7754 | D:6      | Slain by an ogre

Illustrated notes

Levels and vault maps discovered:
D:1:      amcnicky_arrival_feature_with_door, layout_loops_ring
D:2:      layout_loops_ring, tgw_trog, lemuel_coloured_pillars_altar,
          makhleb_grotto_becter
D:3:      layout_basic, old_standard_altar, okawaru_metal_pillars_1_2,
          chequers_ecumenical_altar_twisty, chequers_serial_rivers_micro_c,
          uniq_ijyb, uniq_robin
D:4:      layout_basic
D:5:      layout_cave_pools, temple_fountains, minmay_misc_feat_tower
D:6:      layout_basic
Temple:   regret_index_temple_waves

Skill      XL: |  1  2  3  4  5  6  7  8 |
---------------+-------------------------+-----
Long Blades    | 3 4 5 6 |  6.0
Armour         | 1 2 3 4 5 |  5.1
Dodging        | 3 4 5 |  5.8
Fighting       | 3 4 |  4.9
Shields        | 1 |  1.6
Throwing       | |  1.7

Action                   |  1- 3 |  4- 6 |  7- 9 || total
-------------------------+-------+-------+-------++-------
Melee: Long sword        |   109 |   285 |   352 ||   746
Throw: Throwing net      |     1 |     6 |     1 ||     8
 Stab: Sleeping          |       |     1 |       ||     1
Armor: Leather armour    |    31 |    45 |       ||    76
       Ring mail         |       |    35 |   161 ||   196
Dodge: Dodged            |    79 |   250 |   281 ||   610
Block: Buckler           |       |       |    36 ||    36
       Rpst.: Long sword |    28 |    74 |    89 ||   191
